 Dungeon Crawl Stone Soup version 0.18-a0-1748-g7377c14 (webtiles) character file.

209 nono the Sneak (level 5, -3/24 HPs)
             Began as a Vine Stalker Enchanter on Apr 12, 2016.
             Killed by divine providence
             ... invoked by an orc priest
              (9 damage)
             ... on level 4 of the Dungeon.
             The game lasted 00:09:20 (2641 turns).

nono the Sneak (Vine Stalker Enchanter)             Turns: 2641, Time: 00:09:21

Health: -3/24      AC:  3    Str: 11    XL:     5   Next: 87%
Magic:  0/10       EV: 12    Int: 16    God:
Gold:   137        SH:  0    Dex: 19    Spells: 3 memorised, 4 levels left

rFire  . . .     SeeInvis .     a - +1 dagger
rCold  . . .     Gourm    .     b - +1 robe
rNeg   . . .     Faith    .     (no shield)
rPois  .         Spirit   +     (no helmet)
rElec  .         Dismiss  .     (no cloak)
rCorr  .         Reflect  .     (no gloves)
SustAt .         Harm     .     (no boots)
MR     .....                    (no amulet)
Stlth  +++.......               p - ring of wizardry
                                o - +5 ring of dexterity

@: not resistant to hostile enchantments, fairly stealthy
A: fangs 2, regeneration 1, magic shield, antimagic bite, no device heal 3, rot
immunity
a: no special abilities


You were on level 4 of the Dungeon.
You were hungry.

You visited 1 branch of the dungeon, and saw 4 of its levels.

You collected 137 gold pieces.

Inventory:

Hand Weapons
 a - a +1 dagger (weapon)
Missiles
 m - a throwing net (quivered)
Armour
 b - a +1 robe (worn)
 r - a +0 leather armour
Jewellery
 o - a +5 ring of dexterity (left hand)
 p - a ring of wizardry (right hand)
Scrolls
 f - 5 scrolls of identify {unknown}
 g - a scroll of magic mapping {unknown}
 h - a scroll of recharging {unknown}
 i - 3 scrolls of remove curse
 l - 2 scrolls of fog {unknown}
Potions
 e - a potion of resistance {unknown}
 n - a potion of curing {unknown}
 q - a potion of flight {unknown}
Books
 c - a book of Maledictions

   Spells                             Type                      Level
   a - Corona                         Hexes                        1
   b - Ensorcelled Hibernation        Hexes/Ice                    2
   c - Confuse                        Hexes                        3
   d - Tukima's Dance                 Hexes                        3
   e - Dazzling Spray                 Conjuration/Hexes            3
Comestibles
 d - 2 bread rations
 j - 2 meat rations
 k - 2 royal jellies


   Skills:
 + Level 2.6 Short Blades
 - Level 1.5 Dodging
 + Level 5.1 Stealth
 + Level 3.2 Spellcasting
 + Level 4.2 Hexes


You had 4 spell levels left.
You knew the following spells:

 Your Spells              Type           Power        Failure   Level  Hunger
a - Ensorcelled Hibernat  Hex/Ice        #.....       6%          2    ##.....
b - Corona                Hex            ###....      1%          1    None
c - Confuse               Hex            ###.....     4%          3    ###....


Dungeon Overview and Level Annotations

Branches:
Dungeon (4/15)
 Temple: D:4-7

Altars:
Gozag
Nemelex Xobeh
Trog
Xom


Innate Abilities, Weirdness & Mutations

You have extremely sharp teeth.
Your natural rate of healing is unusually fast.
When hurt, damage is shared between your health and your magic reserves.
Your bite disrupts and absorbs the magic of your enemies.
Potions and wands cannot restore your health.
You are immune to rotting.


Message History

The orc priest hits you with a falchion!
Casting: Ensorcelled Hibernation
Confirm with . or Enter, or press ? or * to list all spells.
Aiming: Ensorcelled Hibernation
Press: ? - help, Shift-Dir - straight line, f/p - orc priest
Aim: an orc priest, wielding a falchion and wearing a leather armour (chance to defeat MR: 40%)
The orc priest looks drowsy...
The orc priest shouts!
The orc priest calls down the wrath of Beogh upon you.
Beogh smites you!
Ouch! That really hurt!
* * * LOW HITPOINT WARNING * * *
Casting: Ensorcelled Hibernation
Confirm with . or Enter, or press ? or * to list all spells.
You don't have enough magic to cast that spell.
Unknown command.
Found 12 gold pieces.
The orc priest calls down the wrath of Beogh upon you.
Beogh smites you!
You die...

##### #...# #...#
########.@.#
...........#
.........o.#
...........#
..........##
........oo#
..........########
..................
..................


You could see an orc priest and 2 orcs.

Vanquished Creatures
  An orc priest (D:3)
  An orc wizard (D:3)
  7 gnolls (D:2)
  3 adders (D:2)
  2 oozes
  A dart slug (D:2)
  A giant gecko (D:1)
  3 orcs (D:3)
  A giant cockroach (D:2)
  4 goblins
  8 hobgoblins
  2 jackals (D:2)
  A quokka (D:2)
  8 bats
  4 giant newts
  6 kobolds
  6 rats
59 creatures vanquished.

Notes
Turn   | Place    | Note
--------------------------------------------------------------
     0 | D:1      | nono the Vine Stalker Enchanter began the quest for the Orb.
     0 | D:1      | Reached XP level 1. HP: 9/9 MP: 4/4
    60 | D:1      | Reached skill level 1 in Short Blades
   171 | D:1      | Reached XP level 2. HP: 13/13 MP: 6/6
   197 | D:1      | Learned a level 2 spell: Ensorcelled Hibernation
   763 | D:2      | Reached skill level 4 in Stealth
   763 | D:2      | Reached XP level 3. HP: 14/16 MP: 0/7
   768 | D:2      | Learned a level 3 spell: Confuse
  1055 | D:2      | Found a shimmering altar of Xom.
  1066 | D:2      | Reached XP level 4. HP: 21/21 MP: 5/9
  1404 | D:2      | Found an opulent altar of Gozag.
  1405 | D:2      | Found a sparkling altar of Nemelex Xobeh.
  1494 | D:2      | Reached XP level 5. HP: 23/24 MP: 5/10
  1622 | D:2      | Found a bloodstained altar of Trog.
  2014 | D:3      | Reached skill level 5 in Stealth
  2641 | D:4      | Killed from afar by an orc priest

Vault maps used:
D:1:      eino_arrival_cavern_b
D:2:      grunt_temple_overflow_opulence, xom_teletrap_fun, first_bread,
          trog_three_pillars_becter
D:4:      lemuel_round_altar, serial_shops, shop_fountains,
          kennysheep_mini_moat, shop, shop_statue, shop, st_stairs_10,
          nicolae_ru_great_annihilating_truth, uniq_menkaure

Skill      XL: |  1  2  3  4  5 |
---------------+----------------+-----
Short Blades   | 1 2 |  2.6
Stealth        | 4 5 |  5.1
Spellcasting   | 3 |  3.2
Hexes          | 4 |  4.2
Dodging        | |  1.5

Action                   |  1- 3 |  4- 6 || total
-------------------------+-------+-------++-------
Melee: Dagger            |    82 |   107 ||   189
       Bite              |    11 |    23 ||    34
 Cast: Corona            |     7 |       ||     7
       Ensorcelled Hiber |    10 |    24 ||    34
       Confuse           |     1 |     2 ||     3
  Use: Scroll            |       |     1 ||     1
 Stab: Sleeping          |     8 |    17 ||    25
       Confused          |       |     2 ||     2
  Eat: Chunk             |     1 |     6 ||     7
Armor: Robe              |    21 |    24 ||    45
Dodge: Dodged            |    57 |    49 ||   106
